 Dungeon Crawl Stone Soup version 0.25-a0-578-gc91f01c39c (webtiles) character file.

Game seed: 2364430560902720935, levelgen mode: deterministic

60 Kohma the Insei (level 4, -1/34 HPs)
             Began as a Gnoll Transmuter on Mar 7, 2020.
             Slain by Terence
             ... wielding a +0 short sword
              (7 damage)
             ... on level 2 of the Dungeon.
             The game lasted 00:04:33 (1708 turns).

Kohma the Insei (Gnoll Transmuter)                  Turns: 1708, Time: 00:04:33

Health: -1/34      AC:  2    Str: 12    XL:     4   Next: 6%
Magic:  8/11       EV: 23    Int: 17    God:
Gold:   42         SH:  0    Dex: 20    Spells: 7/13 levels left

rFire    . . .     SeeInvis .     - Unarmed
rCold    . . .     Gourm    .   (shield currently unavailable)
rNeg     . . .     Faith    .   (armour currently unavailable)
rPois    x         Spirit   .   (helmet currently unavailable)
rElec    .         Reflect  .   (cloak currently unavailable)
rCorr    .         Harm     .   (gloves currently unavailable)
MR       .....                  (boots currently unavailable)
Stlth    ++........             (no amulet)
HPRegen  0.11/turn              (no ring)
MPRegen  0.12/turn              (no ring)

@: spider-form, berserk cooldown
A: tiny, distributed training, strong nose
a: End Transformation


You were on level 2 of the Dungeon.
You were hungry.
You were a venomous arachnid creature.
You visited 1 branch of the dungeon, and saw 2 of its levels.

You collected 42 gold pieces.

Inventory:

Missiles
 a - 9 arrows
Armour
 b - a +0 robe (melded)
 p - a +1 cloak
Jewellery
 j - a +3 ring of evasion {unknown}
Scrolls
 n - a scroll of magic mapping {unknown}
 o - a scroll of remove curse {unknown}
Potions
 c - a potion of flight
 e - a potion of heal wounds
 l - a potion of haste
Comestibles
 d - 5 rations
 g - a chunk of flesh


   Skills:
 + Level 2.7 Fighting
 + Level 1.0 Short Blades
 + Level 1.0 Long Blades
 + Level 1.0 Axes
 + Level 1.0 Maces & Flails
 + Level 1.0 Polearms
 + Level 1.0 Staves
 + Level 1.0 Slings
 + Level 1.0 Bows
 + Level 1.0 Crossbows
 + Level 1.0 Throwing
 + Level 1.0 Armour
 + Level 4.6 Dodging
 + Level 1.0 Stealth
 + Level 1.0 Shields
 + Level 6.5 Unarmed Combat
 + Level 5.0 Spellcasting
 + Level 0.7 Conjurations
 + Level 0.7 Hexes
 + Level 0.7 Charms
 + Level 0.7 Summonings
 + Level 0.7 Necromancy
 + Level 0.7 Translocations
 + Level 3.8 Transmutations
 + Level 0.7 Fire Magic
 + Level 0.7 Ice Magic
 + Level 0.7 Air Magic
 + Level 0.7 Earth Magic
 + Level 0.7 Poison Magic
 + Level 1.1 Invocations
 + Level 1.0 Evocations


You had 7 spell levels left.
You knew the following spells:

 Your Spells              Type           Power        Failure   Level  Hunger
a - Beastly Appendage     Tmut           ###...       11%         1    None
b - Sticks to Snakes      Tmut           ###.....     13%         2    #......
c - Spider Form           Tmut/Pois      ##........   36%         3    ###....

Your spell library contained the following spells:

 Spells                   Type           Power        Failure   Level  Hunger
 Ice Form                 Ice/Tmut       ##......     71%         4    ####...
 Blade Hands              Tmut           ###.......   82%         5    ######.


Dungeon Overview and Level Annotations

Branches:
Dungeon (2/15)

Altars:

Annotations:
D:2 Sigmund, Terence


Innate Abilities, Weirdness & Mutations

Your experience applies equally to all skills.
((You have very sharp teeth.))
Your uncanny sense of smell can sniff out nearby items.


Message History

The bat misses you.
Terence the Incautious comes into view.
He is wielding a +0 short sword.
Terence shouts!
You hit the bat.
You kill the bat!
Terence screams, "I want your blood!"
You hit the kobold but do no damage.
The kobold is poisoned.
The kobold hits you with a +0 dagger.
* * * LOW HITPOINT WARNING * * *
You barely miss the kobold. The kobold hits you but does no damage.
You hit the kobold.
The kobold looks as sick as possible!
The kobold is severely wounded.
You kill the kobold!
You hit Terence but do no damage.
Terence bares his teeth.
Terence barely misses you.
You bite Terence!
Terence is poisoned.
Terence is heavily wounded.
Terence hits you with a +0 short sword!
You die...

∆∆ #. #. ### #. #..
#.##.####### #
#.##.......###.#####
#####.##.#####.(s@g.....
.........# #####......
####...#.#### ## #....
###....)....##.. ##.
............#.....
###...........##...
####........###.#.#.#
.............##.......
#.......÷....>.#.#.#.#.#


You could see Terence and a goblin.

Vanquished Creatures
  An adder (D:2)
  An ooze (D:1)
  A dart slug (D:1)
  6 leopard geckos
  3 giant cockroaches (D:1)
  5 goblins
  4 hobgoblins (D:1)
  2 jackals (D:1)
  5 bats
  3 frilled lizards
  3 kobolds
  3 rats
37 creatures vanquished.

Vanquished Creatures (collateral kills)
  2 bats
  A frilled lizard (D:1)
3 creatures vanquished.

Grand Total: 40 creatures vanquished

Notes
Turn   | Place    | Note
-------+----------+-------------------------------------------
     0 | D:1      | Kohma the Gnoll Transmuter began the quest for the Orb.
     0 | D:1      | Reached XP level 1. HP: 17/17 MP: 6/6
   413 | D:1      | Reached XP level 2. HP: 22/23 MP: 7/7
   420 | D:1      | Learned a level 2 spell: Sticks to Snakes
   812 | D:1      | Reached XP level 3. HP: 20/28 MP: 9/9
  1055 | D:1      | Reached skill level 5 in Spellcasting
  1299 | D:2      | Reached skill level 1 in Invocations
  1313 | D:2      | Learned a level 3 spell: Spider Form
  1503 | D:2      | Noticed Sigmund
  1511 | D:2      | Reached skill level 1 in Short Blades
  1511 | D:2      | Reached skill level 1 in Long Blades
  1511 | D:2      | Reached skill level 1 in Axes
  1511 | D:2      | Reached skill level 1 in Maces & Flails
  1511 | D:2      | Reached skill level 1 in Polearms
  1511 | D:2      | Reached skill level 1 in Staves
  1511 | D:2      | Reached skill level 1 in Slings
  1511 | D:2      | Reached skill level 1 in Bows
  1511 | D:2      | Reached skill level 1 in Crossbows
  1511 | D:2      | Reached skill level 1 in Throwing
  1511 | D:2      | Reached skill level 1 in Armour
  1511 | D:2      | Reached skill level 1 in Stealth
  1511 | D:2      | Reached skill level 1 in Shields
  1511 | D:2      | Reached skill level 1 in Evocations
  1511 | D:2      | Reached XP level 4. HP: 28/34 MP: 1/11
  1702 | D:2      | Noticed Terence
  1708 | D:2      | Slain by Terence

Levels and vault maps discovered:
D:1:      matt_arrival_diagonals, layout_loops_ring
D:2:      wad_crossroads, layout_loops_ring, minmay_misc_feat_iff, hex_large,
          uniq_terence, uniq_sigmund

Skill      XL: |  1  2  3 |
---------------+----------+-----
Spellcasting   | 5 |  5.0
Invocations    | 1 |  1.1
Short Blades   | 1 |  1.0
Long Blades    | 1 |  1.0
Axes           | 1 |  1.0
Maces & Flails | 1 |  1.0
Polearms       | 1 |  1.0
Staves         | 1 |  1.0
Slings         | 1 |  1.0
Bows           | 1 |  1.0
Crossbows      | 1 |  1.0
Throwing       | 1 |  1.0
Armour         | 1 |  1.0
Stealth        | 1 |  1.0
Shields        | 1 |  1.0
Evocations     | 1 |  1.0
Fighting       | |  2.7
Dodging        | |  4.6
Unarmed Combat | |  6.5
Conjurations   | |  0.7
Hexes          | |  0.7
Charms         | |  0.7
Summonings     | |  0.7
Necromancy     | |  0.7
Translocations | |  0.7
Transmutations | |  3.8
Fire Magic     | |  0.7
Ice Magic      | |  0.7
Air Magic      | |  0.7
Earth Magic    | |  0.7
Poison Magic   | |  0.7

Action                   |  1- 3 |  4- 6 || total
-------------------------+-------+-------++-------
Melee: Unarmed           |    88 |     7 ||    95
       Bite              |     6 |       ||     6
       Headbutt          |     3 |       ||     3
       Kick              |     2 |       ||     2
 Cast: Beastly Appendage |     6 |       ||     6
       Sticks to Snakes  |     3 |       ||     3
       Spider Form       |     1 |     2 ||     3
  Use: Scroll            |       |     6 ||     6
       Potion            |       |     1 ||     1
 Stab: Sleeping          |     2 |       ||     2
  Eat: Chunk             |     2 |       ||     2
Armor: Robe              |    20 |       ||    20
       Skin              |       |    11 ||    11
Dodge: Dodged            |    78 |     8 ||    86

Table legend:
 A = Non-vault XP
 B = Vault XP
 C = Vault XP percentage of total XP
 D = Non-vault monster count
 E = Vault monster count
 F = Vault count percentage of total count
                 A         B        C        D         E       F
            +---------+---------+-------+---------+---------+-------
      Total |      85 |       2 |   2.3 |      39 |       1 |   2.5
            +---------+---------+-------+---------+---------+-------
        D:1 |      51 |       0 |   0.0 |      25 |       0 |   0.0
        D:2 |      34 |       2 |   5.6 |      14 |       1 |   6.7
            +---------+---------+-------+---------+---------+-------
